 Dungeon Crawl Stone Soup version 0.26-a0-597-gb535b0901c (webtiles) character file.

Game seed: 1167344058478418712

(classic levelgen) 113567 EnegeticOcto the Severer (level 16, 0/151 HPs)
             Began as a Deep Dwarf Fighter on Sept 1, 2020.
             Was the Champion of Makhleb.
             Killed by divine providence
             ... invoked by a balrug
             ... summoned by a lich
              (14 damage)
             ... on level 3 of the Abyss.
             The game lasted 00:13:45 (16045 turns).

EnegeticOcto the Severer (Deep Dwarf Fighter)      Turns: 16045, Time: 00:13:46

Health: 0/151      AC: 23    Str: 31    XL:     16   Next: 14%
Magic:  9/9        EV:  3    Int: 13    God:    Makhleb [******]
Gold:   2326       SH: 32    Dex: 12    Spells: 15/15 levels left

rFire    + . .     SeeInvis .   a - +4 broad axe "Adoxuir" {vorpal, Int+2}
rCold    + . .     Faith    .   h - +18 shield of the Gong {rElec rN+ MR+ EV-5}
rNeg     + + .     Spirit   .   y - +3 plate armour
rPois    .         Reflect  .   j - +1 helmet
rElec    +         Harm     .   M - scarf {rC+ rF+}
rCorr    .                      (no gloves)
MR       +++..                  H - +0 pair of boots
Stlth    ..........             t - amulet of the acrobat
HPRegen  0.00/turn              z - ring of the Saving Augurer {rElec Str+6}
MPRegen  0.11/turn              E - +4 ring of slaying

@: non-regenerating
A: damage resistance, heal wounds, negative energy resistance 1, sense
surroundings 3, no regeneration
a: Heal Wounds, Minor Destruction, Lesser Servant of Makhleb, Major Destruction,
Greater Servant of Makhleb, Renounce Religion


You were on level 3 of the Abyss.
You worshipped Makhleb.
Makhleb was exalted by your worship.
You visited 5 branches of the dungeon, and saw 24 of its levels.
You visited the Abyss 1 time.
You also visited: Gauntlet and Ice Cave.

You collected 2761 gold pieces.
You spent 435 gold pieces at shops.

Inventory:

Hand Weapons
 a - the +4 broad axe "Adoxuir" (weapon) {vorpal, Int+2}
   (You found it on level 8 of the Dungeon)

   It inflicts extra damage upon your enemies.
   It affects your intelligence (+2).
 x - a +3 broad axe
 O - a +0 broad axe
Armour
 c - a +0 kite shield
 h - the +18 shield of the Gong (worn) {rElec rN+ MR+ EV-5}
   (You found it on level 1 of the Lair of Beasts)

   It affects your evasion (-5).
   It insulates you from electricity.
   It protects you from negative energy.
   It affects your resistance to hostile enchantments.
 j - a +1 helmet (worn)
 y - a +3 plate armour (worn)
 H - a +0 pair of boots (worn)
 M - a scarf of resistance (worn)
Jewellery
 t - an amulet of the acrobat (around neck)
 u - the ring "Gesetwov" {Ice MR+ Slay+2}
   (You found it in an ice cave)

   [ring of ice]

   It enhances your ice magic.
   It affects your accuracy and damage with ranged weapons and melee attacks
   (+2).
   It makes you vulnerable to fire.
   It protects you from cold.
   It affects your resistance to hostile enchantments.
 z - the ring of the Saving Augurer (left hand) {rElec Str+6}
   (You took it off a minotaur in a Gauntlet)

   [ring of strength]

   It affects your strength (+6).
   It insulates you from electricity.
 A - an uncursed ring of resist corrosion
 E - a +4 ring of slaying (right hand)
Wands
 k - a wand of digging (7) {@v3}
 p - a wand of disintegration (33)
 s - a wand of paralysis (3)
 v - a wand of polymorph (18)
 C - a wand of iceblast (3) {@v2}
Scrolls
 f - 6 scrolls of remove curse {@r2}
 g - 9 scrolls of teleportation {@r3}
 i - 6 scrolls of blinking
 o - a scroll of enchant armour
 r - 3 scrolls of immolation {@r4}
 I - a scroll of enchant weapon
 J - 2 scrolls of magic mapping {@r5}
 K - a scroll of fear
 L - 4 scrolls of fog
Potions
 b - a potion of invisibility
 d - 4 potions of might {@q3}
 e - 4 potions of resistance {@q6}
 l - a potion of magic
 m - 9 potions of curing {@q1}
 n - 3 potions of ambrosia
 q - 3 potions of heal wounds {@q2}
 w - 3 potions of flight
 D - a potion of stabbing {@q5}
 G - a potion of mutation
 P - 2 potions of haste {@q4}
Miscellaneous
 B - a box of beasts (3/3)


   Skills:
 + Level 11.5 Fighting
 * Level 17.9 Axes
 + Level 13.5 Armour
 + Level 13.5 Shields
 + Level 14.5 Invocations


You had 15 spell levels left.
You didn't know any spells.
Your spell library was empty.

Dungeon Overview and Level Annotations

Branches:
Dungeon (13/15)            Temple (1/1) D:5            Lair (5/6) D:11
  Swamp (0/4) Lair:4        Snake (3/4) Lair:3        Slime (0/5) Lair:5
    Orc (2/2) D:9             Elf (0/3) Orc:2         IceCv (visited)
Gauntlet (visited)
 Vaults: D:13-14

Altars:
Ashenzari
Cheibriados
Dithmenos
Elyvilon
Fedhas
Gozag
Hepliaklqana
Kikubaaqudgha
Makhleb
Nemelex Xobeh
Okawaru
Qazlal
Ru
Sif Muna
Trog
Uskayaw
Vehumet
Wu Jian
Xom
Yredelemnul
Zin
The Shining One

Shops:
D:4 **[?   D:6 *   D:9 *?   D:11 (   Orc:2 [=(*

Annotations:
D:5 3 runed translucent doors, Gorglomux's ghost, amateur KoEE
Lair:1 3 runed translucent doors, Ogapsuc's ghost, novice GnWz
Snake:3 Jorgrun


Innate Abilities, Weirdness & Mutations

You are resistant to damage.
You can heal yourself by infusing magical energy.
You resist negative energy. (rN+)
You passively map a large area around you.
You do not regenerate.


Message History

You barely miss the balrug. You miss something. You hit the reaper.
You block the balrug's attack.
GONNNNG!
The rakshasa weaves an illusion.
The blizzard demon shimmers and seems to become two!
You block the reaper's attack.
GONNNNG!
The shadow demon gestures.
The blizzard demon gestures at you. The bolt of lightning hits you. You resist.
A starcursed mass splits.
You hear an angry growl.
You hear a horrible gurgling sound!
You hear a shout!
You hit the blizzard demon.
You kill the blizzard demon!
You hit the orange demon.
You hit the blizzard demon but do no damage.
You slash the reaper! You closely miss something. You miss the balrug.
You block the balrug's attack.
GONNNNG!
You slice the blizzard demon!!
You kill the blizzard demon!
Makhleb accepts your kill.
You hit the reaper but do no damage. You hit the lich. You hit the balrug.
You slash something! You hit the orange demon.
The substance of the Abyss twists violently, and a gateway leading out appears!
The reaper hits you with a +0 vorpal scythe.
You block the orange demon's attack.
GONNNNG!
The orange demon hits you but does no damage.
The balrug gestures at you. Something smites you!
You hear some strange, mumbled words.
A bolt of cold appears from out of thin air!
The bolt of cold hits you!! You resist.
* * * LOW HITPOINT WARNING * * *
You are too injured to fight recklessly!
You are too injured to fight recklessly!
You are too injured to fight recklessly!
You are too injured to fight recklessly!
You are too injured to fight recklessly!
You are too injured to fight recklessly!
You are too injured to fight recklessly!
You are too injured to fight recklessly!
You are too injured to fight recklessly!
You feel much better.
The shadow demon gestures.
The lich touches you but does no damage.
You block the balrug's attack.
GONNNNG!
You block the orange demon's attack.
GONNNNG!
You block the orange demon's attack.
SHROANNG!
A starcursed mass splits. x2
Something touches you but does no damage.
You hear a horrible gurgling sound!
You hear an angry buzzing noise.
Your magical essence is drained by the effort!
You feel much better. You block the reaper's attack.
GONNNNG!
You block the shadow demon's attack.
PANG!
The balrug hits you with a +0 demon whip!
You are engulfed in flames!
You resist.
A wraith comes into view.
The lich completely misses you. The orange demon stings you.
You block the orange demon's attack.
GONNNNG!
A starcursed mass splits.
You hear some strange, mumbled words.
A bolt of cold appears from out of thin air!
The bolt of cold hits you!! You resist.
* * * LOW HITPOINT WARNING * * *
The bolt of cold hits the shadow demon!
The shadow demon resists.
You hear a howl!
A spatial vortex comes into view.
You are too injured to fight recklessly!
You are too injured to fight recklessly!
You are too injured to fight recklessly!
You are too injured to fight recklessly!
You are too injured to fight recklessly!
You are too injured to fight recklessly!
You are too injured to fight recklessly!
Your magical essence is drained by the effort!
You feel much better. You block the balrug's attack.
PTOANNNG!
The shadow demon gestures.
The lich gestures at you while chanting.
The lance of force hits you!!
* * * LOW HITPOINT WARNING * * *
You are knocked back by the lance of force.
You collide with the starcursed mass!
* * * LOW HITPOINT WARNING * * *
A starcursed mass splits.
You block the reaper's attack.
BOUMMMMG!
The smoke demon gestures at you. Something smites you!
* * * LOW HITPOINT WARNING * * *
Something touches you but does no damage.
A starcursed mass comes into view.
The balrug gestures at you. Something smites you!
You die...

# ..# . ## .#. ###
# #. #./... R.#
###..#h ....#### #
##.#.#.â—‹..##....#
.. #.#.#Râ—‹##.#...
# #
#.##..hh##2..### #
...X#X#.22Rv3X..
... #XX4X@Lt..#.
..XX#3.{2..#....#
..# ...
###vv.W......# .. .
#.$..#...... . #..
#.### .##.#. . #
#.# .. # ####. . ..
.. ## . # #


You could see 8 starcursed masses, a lich, a reaper (summoned), a balrug
(summoned), a spatial maelstrom (summoned), a rakshasa, a sun demon (summoned),
2 shadow demons, 2 spatial vortices, an orange demon (summoned), an apocalypse
crab, a smoke demon (summoned), an efreet (summoned), 3 raiju and a wraith.

Vanquished Creatures
  A bone dragon (Abyss:2)
  A hellephant (Abyss:2)
  A lich (Abyss:3)
  A tentacled starspawn (Abyss:2)
  A nagaraja (Snake:3)
  2 orc warlords (Orc:2)
  2 cacodemons (Abyss:2)
  Nessos (Orc:2)
  A stone giant (Orc:1)
  A minotaur (Gauntlet)
  A lorocyproca (Abyss:2)
  A dire elephant (Gauntlet)
  A blizzard demon (Abyss:3)
  A great orb of eyes (Abyss:2)
  A hydra (Lair:2)
  6 naga warriors
  2 ice dragons (IceCv)
  4 anacondas
  A death knight (Abyss:2)
  4 two-headed ogres
  2 thrashing horrors
  3 naga sharpshooters
  2 orc high priests (Orc:2)
  Nergalle (D:12)
  Urug (D:10)
  4 sixfirhies
  8 wretched stars
  A shadow wraith (Abyss:2)
  A skeletal warrior (Abyss:2)
  A salamander mystic (Snake:2)
  2 unseen horrors
  A shadow demon (Abyss:3)
  3 naga ritualists (Snake:2)
  A phantasmal warrior (Abyss:2)
  6 orc knights
  7 mana vipers
  An ugly thing (D:12)
  5 orc sorcerers
  3 salamanders
  3 manticores
  10 elephants
  An apocalypse crab (Abyss:1)
  6 naga magi
  Joseph (D:7)
  22 black mambas
  2 orange demons (Abyss:2)
  5 smoke demons
  3 ice statues
  3 guardian serpents
  Maggie (D:7)
  2 gargoyles
  4 cane toads
  An efreet (Abyss:2)
  2 freezing wraiths
  2 tengu conjurers (D:11)
  A hellwing (Abyss:3)
  4 rime drakes
  A tormentor (Abyss:3)
  A demonic crawler (Lair:5)
  A komodo dragon (Lair:2)
  A jumping spider (shapeshifter) (D:10)
  5 ancient zymes (Abyss:2)
  8 trolls
  7 large abominations
  2 hornets
  3 raiju (Abyss:2)
  4 slime creatures (D:12)
  4 blink frogs (Lair:3)
  3 bog bodies (Lair:4)
  4 hippogriffs
  A flying skull (Abyss:2)
  8 starcursed masses
  3 ynoxinuls
  11 yaks
  3 wraiths
  A fire elemental (Lair:5)
  3 chaos spawn
  3 basilisks
  3 neqoxecs (Abyss:2)
  3 wargs
  A harpy simulacrum (Abyss:2)
  3 swamp worms
  19 nagas
  5 water moccasins
  Duvessa (D:6)
  6 porcupines
  2 hell hounds (Abyss:2)
  3 sky beasts
  35 orc warriors
  22 ice beasts
  13 ogres
  3 wolves (D:11)
  3 centaurs
  4 crocodiles
  3 big kobolds
  A gnoll sergeant (D:9)
  A wyvern zombie (D:10)
  6 bullfrogs
  A wyvern skeleton (D:10)
  6 small abominations
  Dowan (D:6)
  4 scorpions
  5 wights
  4 electric eels
  10 howler monkeys
  A lava snake (Lair:5)
  3 bullfrog zombies
  4 quasits
  11 hounds
  5 jellies
  12 orc priests
  Crazy Yiuf (D:4)
  14 orc wizards
  3 centaur skeletons
  4 iron imps
  A human skeleton (Abyss:2)
  3 iguanas
  11 worker ants
  Natasha (twice) (D:4)
  6 gnolls
  7 adders
  2 shadow imps (D:9)
  17 white imps
  9 ufetubi
  2 oozes
  2 adder skeletons
  2 worms
  2 dart slugs
  3 leopard geckos
  94 orcs
  A bat (D:1)
  5 giant cockroaches
  2 goblins (D:1)
  2 hobgoblins (D:1)
  19 jackals
  4 quokkas
  3 frilled lizards
  A jackal skeleton (D:8)
  A jackal zombie (D:7)
  7 kobolds
  A leopard gecko skeleton (D:7)
  2 rats (D:1)
  A lurking horror (Abyss:3)
675 creatures vanquished.

Vanquished Creatures (collateral kills)
  A hydra (D:12)
  2 kobold demonologists (D:12)
  A hornet (D:12)
  2 kobolds (D:12)
6 creatures vanquished.

Vanquished Creatures (others)
  An eye of draining (Abyss:2)
  An orc wizard (Orc:1)
  28 fungi
  21 plants
  4 starspawn tentacles (Abyss:2)
55 creatures vanquished.

Grand Total: 736 creatures vanquished

Notes
Turn   | Place    | Note
-------+----------+-------------------------------------------
     0 | D:1      | EnegeticOcto the Deep Dwarf Fighter began the quest for the
                  | Orb.
     0 | D:1      | Reached XP level 1. HP: 20/20 MP: 1/1
   205 | D:1      | Reached XP level 2. HP: 14/27 MP: 2/2
   318 | D:2      | Reached skill level 3 in Axes
   318 | D:2      | Reached XP level 3. HP: 30/33 MP: 3/3
   481 | D:3      | Reached XP level 4. HP: 37/42 MP: 4/4
   548 | D:4      | Found Upecebb's Magic Scroll Shoppe.
   549 | D:4      | Found Danlav's Armour Shoppe.
   550 | D:4      | Found Diafaemp's Assorted Antiques.
   551 | D:4      | Found Bioh's General Store.
   662 | D:4      | Noticed Natasha
   664 | D:4      | Noticed an ogre
   668 | D:4      | Reached skill level 4 in Axes
   668 | D:4      | Reached XP level 5. HP: 37/49 MP: 5/5
   681 | D:4      | Killed Natasha
   699 | D:4      | Killed an ogre
   699 | D:4      | Reached XP level 6. HP: 56/56 MP: 5/5
   781 | D:4      | Found a shattered altar of Ashenzari.
   842 | D:4      | Reached skill level 5 in Axes
   896 | D:4      | Found a runed translucent door.
   897 | D:4      | Noticed Crazy Yiuf
  1068 | D:4      | Killed Crazy Yiuf
  1134 | D:5      | Entered Level 5 of the Dungeon
  1159 | D:5      | Found a staircase to the Ecumenical Temple.
  1173 | D:5      | Reached XP level 7. HP: 31/64 MP: 6/6
  1175 | Temple   | Entered the Ecumenical Temple
  1321 | D:5      | Reached skill level 5 in Armour
  1321 | D:5      | Reached skill level 5 in Shields
  1330 | D:5      | Reached skill level 6 in Axes
  1507 | D:5      | Found a burning altar of Makhleb.
  1514 | D:5      | Became a worshipper of Makhleb the Destroyer
  1566 | D:5      | Found a runed translucent gate.
  1566 | D:5      | Found a runed translucent gate.
  1566 | D:5      | Found a runed translucent gate.
  1567 | D:5      | Noticed Gorglomux's ghost (amateur KoEE)
  1716 | D:6      | Reached skill level 1 in Invocations
  1716 | D:6      | Reached XP level 8. HP: 44/73 MP: 6/6
  1757 | D:6      | Reached skill level 7 in Axes
  1902 | D:6      | Reached * piety under Makhleb
  1998 | D:6      | Found a sparkling altar of Nemelex Xobeh.
  2032 | D:6      | Reached skill level 5 in Fighting
  2239 | D:6      | Found a hide-covered altar of Uskayaw.
  2339 | D:6      | Noticed Dowan
  2342 | D:6      | Noticed Duvessa
  2348 | D:6      | Killed Dowan
  2371 | D:6      | Killed Duvessa
  2371 | D:6      | Reached skill level 8 in Axes
  2426 | D:6      | Gained mutation: You passively map the area around you.
                  | [Deep Dwarf growth]
  2426 | D:6      | Reached XP level 9. HP: 49/81 MP: 8/8
  2430 | D:6      | Found Zin's Purification Station.
  2431 | D:6      | Found a glowing silver altar of Zin.
  2762 | D:6      | Found an opulent altar of Gozag.
  2762 | D:6      | Found a shimmering altar of Xom.
  2849 | D:7      | Reached ** piety under Makhleb
  2879 | D:7      | Noticed Joseph
  2881 | D:7      | Found a white marble altar of Elyvilon.
  2906 | D:7      | Killed Joseph
  3127 | D:7      | Reached skill level 9 in Axes
  3167 | D:7      | Noticed Maggie
  3172 | D:7      | Reached skill level 5 in Invocations
  3192 | D:7      | Killed Maggie
  3235 | D:7      | Found a snail-covered altar of Cheibriados.
  3413 | D:4      | Bought a scroll labeled XOFRIM GIONNA for 28 gold pieces
  3413 | D:4      | Bought a scroll labeled XOFRIM GIONNA for 28 gold pieces
  3413 | D:4      | Bought a scroll labeled DORHOD DUIGO for 28 gold pieces
  3413 | D:4      | Bought 2 scrolls labeled INKAFRO FUMEU for 56 gold pieces
  3470 | D:4      | Noticed Natasha
  3474 | D:4      | Killed Natasha
  3479 | D:4      | Bought a scroll of blinking for 105 gold pieces
  3581 | D:8      | Noticed a manticore
  3598 | D:8      | Killed a manticore
  3598 | D:8      | Reached XP level 10. HP: 91/91 MP: 11/11
  3633 | D:8      | Noticed a gargoyle
  3654 | D:8      | Killed a gargoyle
  3654 | D:8      | Reached *** piety under Makhleb
  3654 | D:8      | Reached skill level 10 in Axes
  3707 | D:8      | Got a twisted broad axe
  3708 | D:8      | Identified the +4 broad axe "Adoxuir" {vorpal, Int+2} (You
                  | found it on level 8 of the Dungeon)
  3714 | D:8      | Noticed a two-headed ogre
  3721 | D:8      | Killed a two-headed ogre
  3869 | D:8      | Found a blossoming altar of Fedhas.
  3884 | D:8      | Found a bloodstained altar of Trog.
  3926 | D:8      | Found an ancient bone altar of Kikubaaqudgha.
  4010 | D:8      | Noticed a two-headed ogre
  4021 | D:8      | Killed a two-headed ogre
  4145 | D:8      | Found a stormy altar of Qazlal.
  4383 | D:9      | Reached skill level 11 in Axes
  4525 | D:9      | Found Tymmiot's Magic Scroll Boutique.
  4534 | D:9      | Reached **** piety under Makhleb
  4615 | D:9      | Found a glowing golden altar of the Shining One.
  4766 | D:9      | Found Wuutha's General Store.
  4771 | D:9      | Bought a potion of might for 60 gold pieces
  4784 | D:9      | Found a staircase to the Orcish Mines.
  4824 | D:9      | Found an ornate altar of the Wu Jian Council.
  5248 | D:9      | Reached XP level 11. HP: 70/100 MP: 13/13
  5479 | D:10     | Entered Level 10 of the Dungeon
  5956 | D:10     | Noticed Urug
  5970 | D:10     | Killed Urug
  6563 | D:11     | Found Miasuw's Antique Weapon Emporium.
  6711 | D:11     | Noticed a two-headed ogre
  6713 | D:11     | Found a staircase to the Lair.
  6718 | D:11     | Paralysed by a hornet for 2 turns
  6726 | D:11     | Killed a two-headed ogre
  6727 | D:11     | Paralysed by a hornet for 1 turns
  6783 | D:11     | Found an ornate altar of the Wu Jian Council.
  6790 | D:11     | Found a gate leading to a gauntlet.
  6799 | Gauntlet | Entered a Gauntlet
  6799 | Gauntlet | Found a large runed translucent door.
  6799 | Gauntlet | Found a large runed translucent door.
  6799 | Gauntlet | Found a large runed translucent door.
  6799 | Gauntlet | Found a transporter.
  6799 | Gauntlet | Found a large runed translucent door.
  6799 | Gauntlet | Found a runed translucent door.
  6799 | Gauntlet | Found a large runed translucent door.
  6799 | Gauntlet | Found a large runed translucent door.
  6799 | Gauntlet | Found a large runed translucent door.
  6799 | Gauntlet | Found a large runed translucent door.
  6799 | Gauntlet | Found a runed translucent gate.
  6799 | Gauntlet | Found a runed translucent gate.
  6799 | Gauntlet | Found a transporter.
  6799 | Gauntlet | Found a transporter.
  6802 | Gauntlet | Found a runed translucent door.
  6802 | Gauntlet | Found a runed translucent gate.
  6804 | Gauntlet | Found a large runed translucent door.
  6804 | Gauntlet | Found a large runed translucent door.
  6804 | Gauntlet | Found a large runed translucent door.
  6804 | Gauntlet | Found a large runed translucent door.
  6805 | Gauntlet | Found a large runed translucent door.
  6805 | Gauntlet | Found a large runed translucent door.
  6806 | Gauntlet | Found a large runed translucent door.
  6806 | Gauntlet | Found a large runed translucent door.
  6815 | Gauntlet | Found a transporter.
  6823 | Gauntlet | Noticed a sixfirhy
  6854 | Gauntlet | Found a transporter.
  6856 | Gauntlet | Found a transporter.
  6861 | Gauntlet | Noticed a dire elephant
  6890 | Gauntlet | Killed a sixfirhy
  6890 | Gauntlet | Reached skill level 12 in Axes
  6909 | Gauntlet | Found a transporter.
  6917 | Gauntlet | Killed a dire elephant
  6934 | Gauntlet | Noticed a wizard
  6957 | Gauntlet | Found a transporter.
  6988 | Gauntlet | Identified the ring of the Saving Augurer {rElec Str+6}
  6988 | Gauntlet | Noticed a minotaur
  7001 | Gauntlet | Killed a minotaur
  7063 | D:11     | Reached ***** piety under Makhleb
  7093 | D:11     | Killed an unseen horror
  7105 | D:11     | Reached XP level 12. HP: 76/110 MP: 9/9
  7591 | D:12     | Noticed an eight-headed hydra
  7628 | D:12     | Killed a 16-headed hydra
  7735 | D:12     | Noticed Nergalle
  7746 | D:12     | Killed Nergalle
  7980 | D:12     | Reached skill level 13 in Axes
  8185 | D:12     | Reached skill level 10 in Armour
  8252 | D:12     | Reached skill level 10 in Shields
  8856 | Lair:1   | Entered Level 1 of the Lair of Beasts
  8857 | Lair:1   | Found a runed translucent gate.
  8857 | Lair:1   | Found a runed translucent gate.
  8857 | Lair:1   | Noticed Ogapsuc's ghost (novice GnWz)
  8858 | Lair:1   | Found a runed translucent gate.
  8864 | Lair:1   | Found the ring of the Mage {Wiz MR++ Int+3}
  8874 | Lair:1   | Reached skill level 10 in Invocations
  8895 | Lair:1   | Found the +18 shield of the Gong {rElec rN+ MR+ EV-5}
  8997 | Lair:2   | Noticed a six-headed hydra
  9005 | Lair:2   | Killed a 14-headed hydra
  9751 | Lair:3   | Found a staircase to the Snake Pit.
  9896 | Lair:3   | Reached skill level 14 in Axes
  9896 | Lair:3   | Reached XP level 13. HP: 121/121 MP: 10/10
 10805 | Lair:4   | Found a glowing silver altar of Zin.
 10885 | Lair:4   | Found a staircase to the Swamp.
 11191 | Orc:1    | Entered Level 1 of the Orcish Mines
 11448 | Orc:2    | Entered Level 2 of the Orcish Mines
 11507 | Orc:2    | Noticed an orc warlord
 11511 | Orc:2    | Noticed an orc warlord
 11525 | Orc:2    | Killed an orc warlord
 11525 | Orc:2    | Killed an orc warlord
 11627 | Orc:2    | Reached ****** piety under Makhleb
 11630 | Orc:2    | Reached skill level 15 in Axes
 11732 | Orc:2    | Found a staircase to the Elven Halls.
 11770 | Orc:2    | Found Raypram's Jewellery Shop.
 11802 | Orc:2    | Noticed Nessos
 11803 | Orc:2    | Found Beral's Antique Weapon Shop.
 11828 | Orc:2    | Killed Nessos
 11866 | Orc:2    | Found Kox Neem's General Store.
 11874 | Orc:2    | Bought a potion of haste for 130 gold pieces
 11948 | Orc:2    | Found Nobeh's Antique Armour Shop.
 12451 | Orc:1    | Noticed a stone giant
 12467 | Orc:1    | Killed a stone giant
 12467 | Orc:1    | Gained mutation: You resist negative energy. (rN+) [Deep
                  | Dwarf growth]
 12467 | Orc:1    | Reached XP level 14. HP: 119/130 MP: 12/12
 12843 | Lair:5   | Found a frozen archway.
 12869 | IceCv    | Entered an ice cave
 12909 | IceCv    | Reached skill level 10 in Fighting
 13079 | IceCv    | Got a slimy marble ring
 13298 | Lair:5   | Identified the ring "Gesetwov" {Ice MR+ Slay+2} (You found
                  | it in an ice cave)
 13330 | Lair:5   | Found a staircase to the Slime Pits.
 13966 | Snake:1  | Entered Level 1 of the Snake Pit
 14495 | Snake:2  | Reached skill level 16 in Axes
 14886 | Snake:2  | Reached XP level 15. HP: 136/140 MP: 9/13
 14898 | Snake:3  | Noticed a nagaraja
 14917 | Snake:3  | Killed a nagaraja
 14929 | Snake:3  | Noticed Jorgrun
 14946 | Snake:3  | Cast into level 1 of the Abyss (salamander)
 15170 | Abyss:2  | Found a corrupted altar of Lugonu.
 15173 | Abyss:2  | Found a corrupted altar of Lugonu.
 15181 | Abyss:2  | Found a corrupted altar of Lugonu.
 15242 | Abyss:2  | Noticed a hellephant
 15249 | Abyss:2  | Reached skill level 17 in Axes
 15276 | Abyss:2  | Killed a hellephant
 15431 | Abyss:2  | Gained mutation: You passively map a large area around you.
                  | [a cacodemon]
 15710 | Abyss:2  | Noticed a tentacled starspawn
 15730 | Abyss:2  | Killed a tentacled starspawn
 15732 | Abyss:2  | Paralysed by accursed screaming for 1 turns
 15782 | Abyss:2  | Noticed a bone dragon
 15806 | Abyss:2  | Killed a bone dragon
 15864 | Abyss:2  | Found a shattered altar of Ashenzari.
 15925 | Abyss:3  | Reached XP level 16. HP: 151/151 MP: 13/13
 16018 | Abyss:3  | Noticed a lich
 16019 | Abyss:3  | Noticed a lich
 16026 | Abyss:3  | Killed a lich
 16045 | Abyss:3  | Killed from afar by a balrug

Illustrated notes

Levels and vault maps discovered:
D:1:      dpeg_arrival_arbitrary_b, layout_loops_ring
D:2:      layout_basic, kennysheep_generic_room_13
D:3:      layout_basic
D:4:      layout_rooms, hangedman_decor_riveting, chequers_garden,
          minmay_shop_grid_forest, cheibrodos_ashenzari_chains,
          uniq_crazy_yiuf_cottage, uniq_natasha
D:5:      cheibrodos_iron_armory, layout_rooms, kennysheep_little_box,
          temple_fountains, gammafunk_ghost_necromancy
D:6:      layout_basic, nemelex_xobeh_ov_fountains_minmay, zin_purify,
          kennysheep_mini_moat, gammafunk_temple_overflow_pools, uniq_duvessa
D:7:      layout_rooms, kennysheep_mini, elyvilon_altar_5, uniq_maggie,
          uniq_joseph
D:8:      minmay_the_grid_square_5x5_3x3 [minmay_the_grid_square_5x5_two,
          minmay_the_grid_square_5x5_bite,
          minmay_the_grid_square_5x5_intrusive_squares,
          minmay_the_grid_square_5x5_two_walls_b,
          minmay_the_grid_square_5x5_megaprize_diamond,
          minmay_the_grid_square_5x5_hollow_slash,
          minmay_the_grid_square_5x5_eight_small,
          minmay_the_grid_square_5x5_two_small,
          minmay_the_grid_square_5x5_empty], layout_rooms, old_standard_altar,
          old_standard_altar, kiku_gazebo_pond_becter,
          nicolae_qazlal_eye_of_the_storm
D:9:      layout_basic, nicolae_overflow_crystal_walls, marbit_many_paths,
          orc_0_dummy, serial_shops, nicolae_shop_stone, nicolae_shop_stone,
          minmay_misc_feat_alley
D:10:     layout_basic, corexii_leaking_fountain, uniq_urug
D:11:     layout_loops_corners, erik_lair_island, basic_altar, serial_shops,
          nicolae_shop_behind_doors, gauntlet_entry_generic
D:12:     layout_stronghold, uniq_nergalle
D:13:     layout_stronghold, serial_shops, nicolae_shop_crystal, minivault_7,
          uniq_josephine, uniq_azrael
Temple:   jpeg_temple_island
Lair:1:   layout_gridlike, gammafunk_ghost_split,
          chequers_serial_rivers_micro_d, serial_bayou_shore_a
Lair:2:   layout_small_grid
Lair:3:   layout_roguey, guppyfry_snake_entry_island,
          chequers_serial_rivers_micro_a
Lair:4:   layout_loops_ring, nicolae_swamp_entry_splash_gauntlet, basic_altar,
          lemuel_fruit_fields
Lair:5:   layout_gridlike, slime_dummy, portal_ice_cave_entry_imps, worms_lemuel
Snake:1:  layout_chambers, grunt_megastairs_3, minmay_shop_grove
Snake:2:  layout_rooms
Snake:3:  layout_onion_interference, gammafunk_ghost_berserking_beasts,
          basic_altar, hangedman_snake_corridor_cut, uniq_jorgrun
Orc:1:    layout_caves
Orc:2:    grunt_orc_gardens, layout_caves, grunt_orc_garden, grunt_orc_garden,
          grunt_orc_garden, grunt_orc_garden, uniq_nessos
Abyss:3:  base: D:5, grunt_abyss_rune_wretched_hive,
          grunt_abyss_rune_wretched_hive

Skill      XL: |  1  2  3  4  5  6  7  8  9 10 11 12 13 14 15 |
---------------+----------------------------------------------+-----
Axes           | 3 4 5 6 8 9 11 12 14 15 16 17 | 17.9
Fighting       | 3 4 5 6 7 8 9 10 11 | 11.5
Armour         | 4 5 6 7 8 9 10 11 12 13 | 13.5
Shields        | 4 5 6 7 8 9 10 11 12 13 | 13.5
Invocations    | 1 3 5 7 9 10 12 13 14 | 14.5

Action                   |  1- 3 |  4- 6 |  7- 9 | 10-12 | 13-15 | 16-18 || total
-------------------------+-------+-------+-------+-------+-------+-------++-------
Melee: War axe           |    92 |   111 |   367 |    61 |       |       ||   631
       Unarmed           |       |       |    19 |       |       |       ||    19
       Broad axe         |       |       |       |   482 |   962 |    70 ||  1514
Invok: Lesser Servant of |       |       |       |     2 |       |       ||     2
 Abil: Heal Wounds       |     2 |     3 |    15 |    30 |    18 |     6 ||    74
Evoke: Wand              |       |       |       |     4 |     5 |       ||     9
  Use: Scroll            |       |       |    12 |    14 |     3 |       ||    29
       Potion            |       |       |       |       |     1 |       ||     1
 Stab: Invisible         |       |       |       |       |     2 |       ||     2
Armor: Chain mail        |    59 |    49 |    97 |       |       |       ||   205
       Scale mail        |     1 |       |       |       |       |       ||     1
       Plate armour      |       |       |   130 |   344 |   245 |    13 ||   732
       Skin              |       |       |     8 |       |       |       ||     8
Dodge: Dodged            |    17 |    28 |   120 |   175 |    56 |     1 ||   397
Block: Kite shield       |    49 |    63 |   247 |   449 |  1229 |    66 ||  2103

Table legend: (Time is in decaauts)
 A = Elapsed time spent in this place.
 B = Non-inter-level travel time spent in this place.
 C = Inter-level travel time spent in this place.
 D = Time resting spent in this place.
 E = Time spent auto-exploring this place.
 F = Levels seen in this place.
 G = Mean time per level.
                   A        B        C        D        E       F      G
               +--------+--------+--------+--------+--------+-----+--------+
         Total |  16085 |  14490 |   1595 |     77 |  10524 |  29 |  554.7 |
       Dungeon |   8953 |   7894 |   1059 |     20 |   5849 |  13 |  688.7 |
        Temple |     77 |     77 |      0 |      0 |     46 |   1 |   77.0 |
          Lair |   3070 |   2733 |    337 |      0 |   2365 |   5 |  614.0 |
     Snake Pit |    930 |    900 |     30 |      0 |    541 |   3 |  310.0 |
  Orcish Mines |   1409 |   1241 |    168 |     57 |    888 |   2 |  704.5 |
         Abyss |   1013 |   1013 |      0 |      0 |    483 |   3 |  337.7 |
      Ice Cave |    420 |    420 |      0 |      0 |    300 |   1 |  420.0 |
      Gauntlet |    211 |    211 |      0 |      0 |     51 |   1 |  211.0 |
               +--------+--------+--------+--------+--------+-----+--------+

Top non-repeatable levels by time:
    D:12: 1261 daAuts
     D:6: 1215 daAuts
     D:9: 1205 daAuts
    D:10: 948 daAuts
    D:11: 900 daAuts
   Orc:2: 897 daAuts
     D:8: 863 daAuts
  Lair:4: 779 daAuts
  Lair:2: 772 daAuts
     D:4: 745 daAuts
  Lair:5: 720 daAuts
 Abyss:2: 675 daAuts
  Lair:3: 649 daAuts
     D:5: 617 daAuts
     D:7: 610 daAuts
